Map: Romanticide LE

Players

milkicow

  • Race: Terran Terran
  • League: Grandmaster
  • Spawn Location: 5:00

soul - Winner!

  • Race: Terran Terran
  • League: Grandmaster
  • Spawn Location: 11:00

Event: DreamHack SC2 Masters 2020 Winter

VOD

Have the link to the VOD?

Description

Time

  • Played on: Oct. 31, 2020, 1:26 p.m.
  • Length: 8:26

All games in this series

Show
View Real Time Build Order
Export as new Build Order

milkicow Terran 

Build Orders: Gas First Reaper Expand 

Get SALT Encoding   

  12  0:00  SCV  
  13  0:12  SCV  
  14  0:17  Supply Depot  
  14  0:24  SCV  
  14  0:27  Refinery  
  15  0:39  SCV  
  16  0:45  Barracks  
  16  0:51  SCV  
  17  1:03  SCV  
  18  1:15  SCV  
  19  1:32  Reaper, Orbital Command  
  20  1:43  Command Center  
  20  1:57  Factory  
  20  1:59  SCV  
  21  2:10  Barracks Reactor  
  21  2:11  SCV  
  21  2:16  Supply Depot  
  21  2:21  Refinery  
  21  2:24  SCV  
  22  2:36  SCV  
  23  2:42  Starport  
  23  2:47  Marine x2  
  23  2:48  SCV  
  23  2:50  Widow Mine  
  28  3:01  SCV  
  28  3:04  Marine  
  28  3:05  Marine  
  30  3:12  Factory Tech Lab  
  29  3:13  SCV  
  29  3:22  Marine  
  29  3:23  Marine  
  29  3:25  SCV  
  30  3:37  SCV  
  30  3:40  Marine  
  30  3:45  Medivac  
  30  3:48  Marine  
  33  3:50  SCV  
  34  3:55  Cyclone  
  37  4:03  Orbital Command  
  37  4:05  Marine  
  37  4:09  SCV  
  39  4:10  Marine  
  40  4:20  Supply Depot  
  40  4:21  SCV  
  41  4:28  Marine  
  41  4:29  SCV  
  43  4:33  SCV  
  43  4:37  Marine  
  45  4:41  SCV  
  45  4:42  Refinery  
  45  4:43  Supply Depot  
  45  4:44  Factory Tech Lab  
  47  4:45  SCV  
  47  4:49  Raven  
  49  4:53  SCV  
  49  4:57  SCV  
  48  5:01  Marine x2  
  48  5:05  SCV  
  48  5:06  Supply Depot, Siege Tank  
  54  5:10  SCV  
  55  5:18  SCV  
  55  5:19  Marine x2  
  58  5:22  SCV  
  57  5:30  Supply Depot  
  55  5:36  SCV, Raven  
  55  5:39  SCV  
  59  5:44  Command Center  
  59  5:47  Marine x2  
  61  5:51  Siege Tank  
  61  5:52  SCV  
  61  5:54  SCV  
  65  6:04  SCV  
  65  6:06  SCV, Marine x2  
  69  6:16  Barracks  
  69  6:17  Supply Depot, Barracks  
  69  6:19  SCV  
  69  6:21  Raven, Refinery  
  69  6:24  Marine  
  73  6:30  SCV  
  73  6:32  SCV  
  72  6:40  Engineering Bay  
  72  6:41  Engineering Bay  
  72  6:42  SCV  
  72  6:44  SCV, Supply Depot  
  72  6:45  Marine x2  
  72  6:46  Siege Tank  
  79  6:54  SCV  
  80  7:02  Orbital Command  
  80  7:03  SCV  
  80  7:08  Raven, Marine x2  
  83  7:10  SCV  
  83  7:15  SCV  
  65  7:24  SCV, Marine  
  65  7:26  Marine  
  65  7:27  SCV, Orbital Command  
  57  7:31  Siege Tank  
  57  7:36  SCV  
  60  7:39  SCV  
  61  7:48  SCV  
  61  7:49  Barracks Reactor x2  
  62  7:51  SCV  
  63  8:00  SCV  
  63  8:01  Marine  
  63  8:02  SCV  
  70  8:07  SCV  
  70  8:09  Supply Depot  
  70  8:12  SCV  
Show
View Real Time Build Order
Export as new Build Order

soul Terran - Winner!

Build Orders:  

Get SALT Encoding   

  12  0:00  SCV  
  13  0:12  SCV  
  14  0:17  Supply Depot  
  14  0:24  SCV  
  15  0:38  SCV  
  15  0:40  Barracks  
  16  0:43  Refinery  
  16  0:51  SCV  
  16  0:52  Refinery  
  17  1:03  SCV  
  18  1:15  SCV  
  19  1:27  Reaper, Orbital Command  
  20  1:37  Supply Depot  
  20  1:44  Factory  
  20  1:53  SCV  
  21  1:59  Reaper  
  22  2:05  SCV  
  23  2:17  SCV  
  24  2:25  Command Center  
  24  2:27  Hellion  
  27  2:30  SCV  
  27  2:34  Barracks Reactor  
  27  2:39  Supply Depot  
  27  2:42  SCV  
  28  2:48  Starport  
  28  2:51  Factory Tech Lab  
  28  2:56  SCV  
  29  3:08  SCV  
  30  3:14  Cyclone  
  30  3:19  Marine  
  34  3:20  Marine  
  34  3:21  SCV  
  36  3:32  Starport Tech Lab  
  36  3:33  SCV  
  35  3:37  Marine  
  35  3:38  Orbital Command  
  34  3:45  SCV, Refinery  
  38  3:48  Siege Tank  
  38  3:52  Marine  
  38  3:55  Marine  
  40  3:57  SCV  
  41  4:05  SCV  
  41  4:09  SCV, Raven  
  45  4:10  Supply Depot, Marine  
  45  4:17  SCV, Supply Depot, Marine  
  47  4:21  SCV  
  49  4:26  Siege Tank  
  49  4:29  SCV  
  49  4:30  Marine  
  54  4:33  SCV  
  55  4:44  SCV  
  57  4:45  SCV  
  57  4:46  Command Center  
  57  4:52  Raven  
  59  4:56  SCV  
  59  4:57  SCV  
  61  5:02  Supply Depot  
  61  5:03  Marine x2  
  61  5:07  Siege Tank  
  66  5:08  SCV  
  66  5:09  SCV  
  68  5:20  SCV  
  68  5:22  SCV  
  69  5:32  SCV  
  69  5:34  SCV  
  69  5:35  Barracks  
  72  5:37  Barracks  
  72  5:38  Supply Depot  
  72  5:39  Supply Depot  
  70  5:44  SCV  
  70  5:46  SCV  
  70  5:49  Viking x2  
  76  5:50  Stimpack  
  76  5:51  Marine  
  76  5:53  Refinery  
  76  5:56  SCV  
  78  5:58  SCV  
  80  6:05  Orbital Command  
  80  6:08  SCV  
  80  6:10  Marine  
  81  6:15  SCV  
  82  6:19  Viking x2  
  82  6:24  Barracks Reactor x2  
  86  6:25  Engineering Bay  
  86  6:26  Engineering Bay, Siege Tank  
  86  6:29  SCV  
  86  6:31  SCV  
  88  6:38  Marine  
  89  6:41  Orbital Command  
  89  6:42  SCV  
  89  6:45  Barracks x2  
  90  6:47  SCV  
  90  6:56  Liberator  
  90  6:58  Marine, Siege Tank  
  90  7:00  Bunker  
  90  7:01  SCV  
  98  7:03  Supply Depot  
  98  7:06  Bunker  
  98  7:07  Marine  
  99  7:08  SCV  
  99  7:10  SCV, Marine  
  101  7:15  Marine  
  101  7:16  SCV, Marine  
  103  7:24  Viking  
  103  7:28  Marine x3  
  92  7:30  SCV x2, Siege Tank  
  92  7:31  SCV  
  92  7:33  Marine  
  92  7:34  Marine  
  92  7:36  Bunker  
  99  7:37  Marine x2  
  99  7:39  Viking  
  99  7:42  SCV x2  
  99  7:43  SCV  
  104  7:46  Marine x3  
  104  7:47  Supply Depot x2  
  107  7:51  Marine  
  107  7:52  Marine  
  107  7:53  Refinery x2, Sensor Tower  
  107  7:54  SCV  
  107  7:55  SCV, Marine x2  
  113  8:02  Supply Depot x2  
  113  8:05  Supply Depot  
  113  8:08  Marine x2  
Tags
 
Add a new tag
Caveats
  • Supply blocks, unpowered buildings, or Contaminate may cause inaccurate times.
  • Supply counts are checked every 10 seconds.